Workbook

Sheet Rate History
B1: =INPUT!$C$3 -> Albemarle
B2: =INPUT!$D$11 -> RFP#<######>
B3: =INPUT!$C$23 -> Dental
B4: Rate History - Monthly Rates
B8: =INPUT!$C$16 -> Dental | E8: Enrollment | G8: =INPUT!D8 -> 46023 | H8: =EDATE(G8,-12) -> 45658 | I8: =EDATE(H8,-12) -> 45292 | J8: =EDATE(I8,-12) -> 44927
B9: =INPUT!C3 -> Albemarle | C9: ASO Fee | E9: --
C11: Plan Name | G11: =INPUT!D168 -> Low
C12: Subscriber Only | E12: =INPUT!D173 -> 496
C13: Subscriber + Spouse | E13: =INPUT!D174 -> 79
C14: Subscriber + Child | E14: =INPUT!D175 -> 76
C15: Subscriber + Child(ren) | E15: =INPUT!D176 -> 67
C16: Family | E16: =INPUT!D177 -> 121
E17: =INPUT!D178 -> 0
C19: Plan Name | G19: =INPUT!F168 -> High
C20: =C12 -> Subscriber Only | E20: =INPUT!F173 -> 1236
C21: =C13 -> Subscriber + Spouse | E21: =INPUT!F174 -> 278
C22: =C14 -> Subscriber + Child | E22: =INPUT!F175 -> 256
C23: =C15 -> Subscriber + Child(ren) | E23: =INPUT!F176 -> 248
C24: =C16 -> Family | E24: =INPUT!F177 -> 513
C25: =C17 -> 0 | E25: =INPUT!F178 -> 0
C27: Plan Name | G27: =INPUT!H168 -> Dental C
C28: =C20 -> Subscriber Only | E28: =INPUT!H173 -> 0
C29: =C21 -> Subscriber + Spouse | E29: =INPUT!H174 -> 0
C30: =C22 -> Subscriber + Child | E30: =INPUT!H175 -> 0
C31: =C23 -> Subscriber + Child(ren) | E31: =INPUT!H176 -> 0
C32: =C24 -> Family | E32: =INPUT!H177 -> 0
C33: =C25 -> 0 | E33: =INPUT!H178 -> 0
C35: Plan Name | G35: =INPUT!J168 -> Dental D
C36: =C28 -> Subscriber Only | E36: =INPUT!J173 -> 0
C37: =C29 -> Subscriber + Spouse | E37: =INPUT!J174 -> 0
C38: =C30 -> Subscriber + Child | E38: =INPUT!J175 -> 0
C39: =C31 -> Subscriber + Child(ren) | E39: =INPUT!J176 -> 0
C40: =C32 -> Family | E40: =INPUT!J177 -> 0
C41: =C33 -> 0 | E41: =INPUT!J178 -> 0

Sheet INPUT
B1: Key: | C1: Internal Inputs (Bolton) | D1: Bidder Inputs | K1: Internal Instructions
K2: -Hide this worksheet before releasing to Market
B3: Group Name: | C3: Albemarle | D3: Group Abbreviation: | E3: <Abbreviation> | F3: Additional Group Name: | G3: <Other Group Name>
B5: Sub-Groups: | C5: <Sub-group 1> | D5: <Sub-group 2> | E5: <Sub-group 3> | F5: <Sub-group 4> | G5: <Sub-group 5> | S5: TF | T5: Technical Form
C7: Effective Date (MM/DD/YYY) | D7: Current YTD | E7: Prior Year 1 | F7: Prior Year 2 | S7: PF | T7: Proposal Form
B8: Plan Years: | C8: 46753 | D8: 46023 | E8: 45658 | F8: 45292 | S8: BF | T8: Bid Form
D10: Final For Reference
B11: RFP# | C11: <######> | D11: =B11&C11 -> RFP#<######>
B13: Proposal Form Type: | C13: Technical Proposal | D13: Price Proposal | K13: Internal Checklist:
F14: Rate Guarantee: | K14: Is everything printer friendly
B15: Benefit Coverage / Services: | F15: Years | K15: Group Name Changed
B16: Benefit Name 1 | C16: Dental | F16: 3 | G16: Three | K16: Worksheet Forms coordinate with name of Worksheet Tab Name
B17: Benefit Name 2 | F17: 3 | G17: Three | K17: Worksheet Form coordinates with table of contents and specific questions referencing Worksheet Form
B18: Benefit Name 3 | F18: 3 | G18: Three | K18: Roboto Font
B19: Benefit Name 4 | F19: 3 | G19: Three | K19: Sheets are protected
B20: Benefit Name 5 | F20: 3 | G20: Three
B21: Benefit Name 6
B23: Final For Reference | C23: Dental | E23: Final For Reference | F23: =G16&" ("&F16&")"&" Years" -> Three (3) Years
B35: Applicable Coverages | C35: Proposal Form | D35: # | E35: Name | F35: Final For Reference (Worksheet Name) | G35: Worksheet Tab
B36: ~ | C36: ~ | D36: ~ | E36: ~ | F36: ~ | G36: ~
B37: ALL | C37: Technical | D37: 1.0 | E37: General Questionnaire | F37: =C37&" Proposal Form "&D37&" - "&E37 -> Technical Proposal Form 1.0 - General Questionnaire | G37: =LEFT(C37,1)&"F "&D37 -> TF 1.0 | J37: 1 | K37: Technical Form
B38: ALL | C38: Technical | D38: 1.1 | E38: Client Specific Questionnaire | F38: =C38&" Proposal Form "&D38&" - "&E38 -> Technical Proposal Form 1.1 - Client Specific Questionnaire | G38: =LEFT(C38,1)&"F "&D38 -> TF 1.1
B39: DEN | C39: Technical | D39: 1.2 | E39: Dental Questionnaire | F39: =C39&" Proposal Form "&D39&" - "&E39 -> Technical Proposal Form 1.2 - Dental Questionnaire | G39: =LEFT(C39,1)&"F "&D39 -> TF 1.2 | J39: 0.17 | K39: VISION
B40: DEN | C40: Technical | D40: 2.0 | E40: Dental Geo Access PPO | F40: =C40&" Proposal Form "&D40&" - "&E40 -> Technical Proposal Form 2.0 - Dental Geo Access PPO | G40: =LEFT(C40,1)&"F "&D40 -> TF 2.0
B41: DEN | C41: Technical | D41: 2.1 | E41: Dental Providers by County | F41: =C41&" Proposal Form "&D41&" - "&E41 -> Technical Proposal Form 2.1 - Dental Providers by County | G41: =LEFT(C41,1)&"F "&D41 -> TF 2.1 | K41: DENTAL
B42: DEN | C42: Technical | D42: 3.0 | E42: Top Dental Providers | F42: =C42&" Proposal Form "&D42&" - "&E42 -> Technical Proposal Form 3.0 - Top Dental Providers | G42: =LEFT(C42,1)&"F "&D42 -> TF 3.0 | K42: DENTAL
B43: DEN | C43: Technical | D43: 4.0 | E43: Proposed Dental Plan Design | F43: =C43&" Proposal Form "&D43&" - "&E43 -> Technical Proposal Form 4.0 - Proposed Dental Plan Design | G43: =LEFT(C43,1)&"F "&D43 -> TF 4.0
B44: ALL | C44: Technical | D44: 5.0 | E44: Deviations | F44: =C44&" Proposal Form "&D44&" - "&E44 -> Technical Proposal Form 5.0 - Deviations | G44: =LEFT(C44,1)&"F "&D44 -> TF 5.0 | J44: 0.13 | K44: VISION
B45: ALL | C45: Technical | D45: 6.0 | E45: Key Differentiators | F45: =C45&" Proposal Form "&D45&" - "&E45 -> Technical Proposal Form 6.0 - Key Differentiators | G45: =LEFT(C45,1)&"F "&D45 -> TF 6.0 | J45: 0.14 | K45: VISION
B46: ALL | C46: Technical | D46: 7.0 | E46: References | F46: =C46&" Proposal Form "&D46&" - "&E46 -> Technical Proposal Form 7.0 - References | G46: =LEFT(C46,1)&"F "&D46 -> TF 7.0 | J46: 0.15 | K46: VISION
J47: 0.16 | K47: VISION
J48: 0.18 | K48: VISION
K49: DENTAL
J50: 0.19 | K50: VISION
J51: 0.2 | K51: DENTAL
J52: 0.21 | K52: DENTAL
B54: DEN | C54: Financial | D54: 1.0 | E54: Dental Price Questionnaire | F54: =C54&" Proposal Form "&D54&" - "&E54 -> Financial Proposal Form 1.0 - Dental Price Questionnaire | G54: =LEFT(C54,1)&"F "&D54 -> FF 1.0
B55: DEN | C55: Financial | D55: 2.0 | E55: Administrative Services Only (ASO) Fees | F55: =C55&" Proposal Form "&D55&" - "&E55 -> Financial Proposal Form 2.0 - Administrative Services Only (ASO) Fees | G55: =LEFT(C55,1)&"F "&D55 -> FF 2.0
B56: DEN | C56: Financial | D56: 2.1 | E56: DHMO Fee schedule | F56: =C56&" Proposal Form "&D56&" - "&E56 -> Financial Proposal Form 2.1 - DHMO Fee schedule | G56: =LEFT(C56,1)&"F "&D56 -> FF 2.1
B57: DEN | C57: Financial | D57: 3.0 | E57: Monthly Premium Equivalent Rates | F57: =C57&" Proposal Form "&D57&" - "&E57 -> Financial Proposal Form 3.0 - Monthly Premium Equivalent Rates | G57: =LEFT(C57,1)&"F "&D57 -> FF 3.0
B58: DEN | C58: Financial | D58: 4.0 | E58: Fully-Insured Rates | F58: =C58&" Proposal Form "&D58&" - "&E58 -> Financial Proposal Form 4.0 - Fully-Insured Rates | G58: =LEFT(C58,1)&"F "&D58 -> FF 4.0
B59: DEN | C59: Financial | D59: 5.0 | E59: Top CDT Pricing by Zip Codes | F59: =C59&" Proposal Form "&D59&" - "&E59 -> Financial Proposal Form 5.0 - Top CDT Pricing by Zip Codes | G59: =LEFT(C59,1)&"F "&D59 -> FF 5.0
B60: ALL | C60: Financial | D60: 6.0 | E60: Performance Guarantees | F60: =C60&" Proposal Form "&D60&" - "&E60 -> Financial Proposal Form 6.0 - Performance Guarantees | G60: =LEFT(C60,1)&"F "&D60 -> FF 6.0 | J60: 0.11 | K60: VISION
F61: =C61&" Proposal Form "&D61&" - "&E61 -> Proposal Form - | G61: =LEFT(C61,1)&"F "&D61 -> F
J62: 0.22 | K62: DENTAL
J65: 0.1 | K65: VISION
J66: 0.12 | K66: VISION
J67: 2 | K67: Financial/Price Form
J68: 0.23 | K68: DENTAL
J69: 0.24 | K69: DENTAL
K70: DENTAL
K71: DENTAL
F82: =C82&" Proposal Form "&D82&" - "&E82 -> Proposal Form - | G82: =LEFT(C82,1)&"F "&D82 -> F
F83: =C83&" Proposal Form "&D83&" - "&E83 -> Proposal Form - | G83: =LEFT(C83,1)&"F "&D83 -> F
F84: =C84&" Proposal Form "&D84&" - "&E84 -> Proposal Form - | G84: =LEFT(C84,1)&"F "&D84 -> F
F85: =C85&" Proposal Form "&D85&" - "&E85 -> Proposal Form - | G85: =LEFT(C85,1)&"F "&D85 -> F
F86: =C86&" Proposal Form "&D86&" - "&E86 -> Proposal Form - | G86: =LEFT(C86,1)&"F "&D86 -> F
F87: =C87&" Proposal Form "&D87&" - "&E87 -> Proposal Form - | G87: =LEFT(C87,1)&"F "&D87 -> F
F88: =C88&" Proposal Form "&D88&" - "&E88 -> Proposal Form - | G88: =LEFT(C88,1)&"F "&D88 -> F
F89: =C89&" Proposal Form "&D89&" - "&E89 -> Proposal Form - | G89: =LEFT(C89,1)&"F "&D89 -> F
B97: For Geo Access Worksheet | D97: Top Zip Codes by Member Population
C98: 1 | D98: 2 | E98: 3 | F98: 4 | G98: 5 | H98: 6 | I98: 7
B99: County | C99: Albemarle | D99: Fluvana | E99: Greene | F99: Orange | G99: Waynesboro | H99: Nelson | I99: Augusta
B100: City | C100: Charolettesville | D100: Palmyra | E100: Ruckersville | F100: Barboursville | G100: Waynesboro | H100: Nellysford | I100: Verona
B101: State | C101: VA | D101: VA | E101: VA | F101: VA | G101: VA | H101: VA | I101: VA
B102: 3 digit zip codes | C102: 229 | D102: 229 | E102: 229 | F102: 229 | G102: 229 | H102: 229 | I102: 244
B103: Combined (City and State) | C103: =C100&", "&C101 -> Charolettesville, VA | D103: =D100&", "&D101 -> Palmyra, VA | E103: =E100&", "&E101 -> Ruckersville, VA | F103: =F100&", "&F101 -> Barboursville, VA | G103: =G100&", "&G101 -> Waynesboro, VA | H103: =H100&", "&H101 -> Nellysford, VA | I103: =I100&", "&I101 -> Verona, VA
B104: Combined (County and State) | C104: =C99&", "&C101 -> Albemarle, VA | D104: =D99&", "&D101 -> Fluvana, VA | E104: =E99&", "&E101 -> Greene, VA | F104: =F99&", "&F101 -> Orange, VA | G104: =G99&", "&G101 -> Waynesboro, VA | H104: =H99&", "&H101 -> Nelson, VA | I104: =I99&", "&I101 -> Augusta, VA
B166: DENTAL
D167: Plan 1 | F167: Plan 2 | H167: Plan 3 | J167: Plan 4
C168: Current Plan Names | D168: Low | F168: High | H168: Dental C | J168: Dental D
C169: Funding Arrangement | D169: Self-Insured | F169: Self-Insured | H169: Self-Insured | J169: Self-Insured
Q171: For Dropdown
B172: Totals | C172: Enrollment | D172: =C172 -> Enrollment | F172: =D172 -> Enrollment | H172: =F172 -> Enrollment | J172: =H172 -> Enrollment | Q172: Coverage Tiers
C173: Subscriber Only | D173: 496 | E173: Subscriber Only | F173: 1236 | G173: Subscriber Only | I173: Subscriber Only | Q173: Subscriber Only
C174: Subscriber + Spouse | D174: 79 | E174: Subscriber + Spouse | F174: 278 | G174: Subscriber + Spouse | I174: Subscriber + Spouse | Q174: Subscriber + Spouse
C175: Subscriber + Child | D175: 76 | E175: Subscriber + Child(ren) | F175: 256 | G175: Subscriber + Child | I175: Subscriber + Child | Q175: Subscriber + Child
C176: Subscriber + Child(ren) | D176: 67 | E176: Family | F176: 248 | G176: Subscriber + Child(ren) | I176: Subscriber + Child(ren) | Q176: Subscriber + Child(ren)
C177: Family | D177: 121 | F177: 513 | G177: Family | I177: Family | Q177: Family
C178: Medicare | G178: Medicare | I178: Medicare | Q178: Medicare
B180: =SUM(C180:K180) -> 3370 | D180: =SUM(D173:D179) -> 839 | F180: =SUM(F173:F179) -> 2531 | H180: =SUM(H173:H179) -> 0 | J180: =SUM(J173:J179) -> 0
C182: CURRENT Rates | D182: =C182 -> CURRENT Rates | F182: =D182 -> CURRENT Rates | H182: =F182 -> CURRENT Rates | J182: =H182 -> CURRENT Rates
C183: =C173 -> Subscriber Only | E183: =E173 -> Subscriber Only | G183: =G173 -> Subscriber Only | I183: =I173 -> Subscriber Only
C184: =C174 -> Subscriber + Spouse | E184: =E174 -> Subscriber + Spouse | G184: =G174 -> Subscriber + Spouse | I184: =I174 -> Subscriber + Spouse
C185: =C175 -> Subscriber + Child | E185: =E175 -> Subscriber + Child(ren) | G185: =G175 -> Subscriber + Child | I185: =I175 -> Subscriber + Child
C186: =C176 -> Subscriber + Child(ren) | E186: =E176 -> Family | G186: =G176 -> Subscriber + Child(ren) | I186: =I176 -> Subscriber + Child(ren)
C187: =C177 -> Family | E187: =E177 -> 0 | G187: =G177 -> Family | I187: =I177 -> Family
C188: =C178 -> Medicare | E188: =E178 -> 0 | G188: =G178 -> Medicare | I188: =I178 -> Medicare
B192: For CPT Pricing Bidforms
B193: Top CPT costs by Zip Codes
C195: ZipCode | D195: 3-Digit Zip | E195: Final For Reference
B196: 1 | D196: =LEFT(C196,3)&"xxx" -> xxx | E196: =D196 -> xxx
B197: 2 | D197: =LEFT(C197,3)&"xxx" -> xxx | E197: =D197 -> xxx
B198: 3 | D198: =LEFT(C198,3)&"xxx" -> xxx | E198: =D198 -> xxx
B199: 4 | D199: =LEFT(C199,3)&"xxx" -> xxx | E199: =D199 -> xxx
B200: 5 | D200: =LEFT(C200,3)&"xxx" -> xxx | E200: =D200 -> xxx
B201: 6 | D201: =LEFT(C201,3)
B202: 7 | D202: =LEFT(C202,3)
B203: 8 | D203: =LEFT(C203,3)
B204: 9 | D204: =LEFT(C204,3)
...

Sheet Instructions & Info
B1: =INPUT!$C$3 -> Albemarle
B2: =INPUT!$D$11 -> RFP#<######>
B3: =INPUT!$C$23 -> Dental
B4: Instructions
B6: Please Read:
B7: NOTICE: | C7: You must read these instructions in full and confirm you have read and understand them by entering your name and date in the appropriate fields at the bottom of this spreadsheet.
B8: Instructions: | C8: ="The following Proposal Forms in this workbook will be used to gather vendor responses in regards to your capabilities to provide the required services of this RFP to "&$B$1&". Your responses will be compared and scored against the other vendors responses. " -> The following Proposal Forms in this workbook will be used to gather vendor responses in regards to your capabilities to provide the required services of this RFP to Albemarle. Your responses will be compared and scored against the other vendors responses.
C9: Please do not modify the tabs. Modifying the tabs or layout may eliminate your company from consideration. Please do not: - Add or Delete Cells - Renumber or Add Questions - Delete Questions - If you cannot respond to a question please just note - 'No Response Available' or 'N/A'. Responses to questions should be brief and concise. 'Yes' or 'No' responses are encouraged when appropriate within the dropdown menu. The maximum amount of characters for a response is 500.
B10: Hold Harmless Agreement | C10: Vendor shall indemnify and hold harmless the Client, its respective directors, officers, employees (acting in the course of their employment, but not as claimants) and agents, against any and all liability or expense (including the cost of legal defense or settlement) which was caused by (vendor’s) negligent or intentional misconduct, breach of this Agreement, fraud, or its breach of fiduciary responsibility, related to or arising out of this Agreement or the Client’s role as employer or Plan sponsor. The party seeking indemnification under (a) above must notify the indemnifying party promptly in writing of any actual or threatened action, suit or proceeding to which it claims such indemnity applies. Failure to notify the indemnifying party shall be deemed a waiver of the right to seek indemnification. The party seeking indemnification may assume responsibility for the direction of its own defense at any time, including the right to settle or compromise any claim against it without the consent of the indemnifying party, provided that in doing so it shall be deemed to have waived its right to indemnification except in cases where the indemnifying party has declined to defend against the claim. The indemnification obligations of (vendor) shall terminate upon the expiration of the Agreement except as to any matter concerning which a claim has been asserted by notice to the other party at the time of such expiration or within 365 days after effective date of Agreement termination.
B11: RFP Information
B12: RFP Coverages: | C12: =INPUT!$C$23 -> Dental
B13: Effective Date for all Lines: | C13: =INPUT!$C$8 -> 46753
B14: Current Carrier(s): | C14: Coverage | D14: Carrier Name
C15: Dental | D15: Anthem
C16: HRIS / Benefits Administrator | D16: ADP
B17: Current Plans:
B25: Proposed Plans:
B33: Proposed Fee Guarantee: | C33: =INPUT!$F$23 -> Three (3) Years
B34: Notes:
B35: Current Commissions:
B36: Requested Commissions:
B37: RFP Timeline: | C37: Activity | D37: Date
C38: RFP Released | D38: 46297
C39: Deadline to submit questions | D39: 46336
C40: Addendum with responses released to vendors | D40: 46338
C41: RFPs due | D41: 46343
C42: Bidder interviews conducted (Optional) | D42: 46447
C43: Evaluate Financial RFP Responses, Score and Select Finalists (if applicable) or winning Vendor | D43: 46472
C44: Request BAFO (if applicable)
C45: BAFO Due (if applicable)
C46: Evaluate BAFO, Finalize Analysis and Recommendations (if applicable)
C47: Select Vendor | D47: 46539
C48: Implementation (including Open Enrollment) | D48: 46568
C49: Effective Date | D49: =[1]INPUT!$C$8 -> 46753
B50: Provided Data: | C50: Current plan documents: SBC/SPD as applicable - separate attachment | D50: Separate Attachment
C51: Census | D51: Separate Attachment
C52: Enrollment data | D52: Separate Attachment
C53: Claims data | D53: Separate Attachment
B56: Disclaimer & Intent to Bid: | C56: By entering my name and date below I am confirming my firm's intent to bid, that I have read the above instructions in full regarding providing responses to the Questions in this workbook, and completion of the proposal forms. I also confirm our firm understands the information provided in this Request for Proposal and all attachments is confidential and proprietary and will only be used to prepare a proposal response.
B57: Company:
B58: Name:
B59: Date:
B61: LIST YOUR PROPOSED NETWORK(S) FOR THE PROPOSED COVERAGES
B62: Primary: | C62: Dental PPO
B63: Secondary: (if offering) | C63: Dental HMO DHMO

Sheet TF 1.0 GEN Q
B1: =INPUT!$C$3 -> Albemarle
B2: =INPUT!$D$11 -> RFP#<######>
B3: =INPUT!$C$23 -> Dental
B4: =INPUT!F37 -> Technical Proposal Form 1.0 - General Questionnaire
B6: This Questionnaire is designed for you to answer specific questions regarding your organization and the services you are proposing. Please respond to these questions completely and accurately. Please choose from the drop down in the "Response" column when available and input your response in the "Additional Response" Section. Also provide attachments when applicable - see Attachments tab in this document for a full list of Attachments to submit with your proposal package.
E8: Bidder Name | F8: ='Instructions & Info'!$C$57 -> 0
B10: # | C10: QUESTION | D10: ACTION | E10: RESPONSE | F10: ADDITIONAL RESPONSE | G10: Character Length
B11: ATTACHMENTS - Please provide the following as attachments to this technical RFP Response
B12: A | C12: Prepare a detailed schedule and time frame to implement this program by the effective date. Please indicate the implementation responsibilities of your organization and the client. Assume implementation will begin 120 days prior to the plan year effective date. | D12: Provide Attachment | E12: <Select One> | G12: =LEN(F12) -> 0
B13: B | C13: Attach a description of premium or administrative fee billing procedures. Include information on the timing of billing, billing-payment reconciliations and ability to provide for client self-billing. | D13: Provide Attachment | E13: <Select One> | G13: =LEN(F13) -> 0
B14: C | C14: Describe your criteria and process for network provider selection. | D14: Provide Attachment | E14: <Select One> | G14: =LEN(F14) -> 0
B15: ~ | C15: GENERAL QUESTIONS | G15: =LEN(F15) -> 0
B16: 1 | C16: Describe the ownership of your organization including any parent company and its location. | D16: Provide Response | E16: <Select One> | G16: =LEN(F16) -> 0
B17: =B16+1 -> 2 | C17: Will any services performed to support the client's plan be provided offshore? If yes, please describe and include location. | D17: Provide Response | E17: <Select One> | G17: =LEN(F17) -> 0
B18: =B17+1 -> 3 | C18: The client reserves the right to select independent auditors at any time with 90-day advanced notice. Net overpayments discovered during any audit must be refunded to the client regardless of whether the administrator can recoup payments from the employees and providers. Confirm you will comply with this request. | D18: Provide Response | E18: <Select One> | G18: =LEN(F18) -> 0
B19: =B18+1 -> 4 | C19: Is there a limit on the time period the client may request an audit (e.g. claims audits are limited to most recent prior two years from date of audit request)? | D19: Provide Response | E19: <Select One> | G19: =LEN(F19) -> 0
B20: =B19+1 -> 5 | C20: Regarding the client's data, describe how your company will use this data. Will any of the client data be shared with outside entities? Will you receive fees from anyone for use of this data? | D20: Provide Response | E20: <Select One> | G20: =LEN(F20) -> 0
B21: =B20+1 -> 6 | C21: Confirm ability to accept contract terms as outlined in shared sample contract as part of RFP release | D21: Provide Response | E21: <Select One>
B22: ~ | C22: COMPLIANCE/SECURITY | G22: =LEN(F22) -> 0
B23: =B21+1 -> 7 | C23: Are you planning any major technological changes (electronic or administrative) that you anticipate will provide significant value to the client in the next 24 months? Please provide details. | D23: Provide Response | E23: <Select One> | G23: =LEN(F23) -> 0
B24: =B23+1 -> 8 | C24: Has the claims department been audited by a third party for accuracy and/or security? | D24: Provide Response | E24: <Select One> | G24: =LEN(F24) -> 0
B25: =B24+1 -> 9 | C25: Is your organization in full compliance with all HIPAA regulations? | D25: Provide Response | E25: <Select One> | G25: =LEN(F25) -> 0
B26: ~ | C26: ACCOUNT/CLIENT SERVICE AND MANAGEMENT | G26: =LEN(F26) -> 0
B27: =B25+1 -> 10 | C27: Identify the Account Manager that will be assigned to the client. Include name, address, phone, title and role, as well as line of business if necessary. | G27: =LEN(F27) -> 0
C28: a. Name: | D28: Provide Response | E28: <Select One> | G28: =LEN(F28) -> 0
C29: b. Title: | D29: Provide Response | E29: <Select One> | G29: =LEN(F29) -> 0
C30: c. City/State: | D30: Provide Response | E30: <Select One> | G30: =LEN(F30) -> 0
C31: d. Phone: | D31: Provide Response | E31: <Select One> | G31: =LEN(F31) -> 0
C32: e. Email: | D32: Provide Response | E32: <Select One> | G32: =LEN(F32) -> 0
C33: f. Primary Role: | D33: Provide Response | E33: <Select One> | G33: =LEN(F33) -> 0
C34: g. How many accounts is the proposed team member responsible for? | D34: Provide Response | E34: <Select One> | G34: =LEN(F34) -> 0
B35: =B27+1 -> 11 | C35: Identify the Account Executive that will be assigned to the client. Include name, address, phone, title and role, as well as line of business if necessary. | G35: =LEN(F35) -> 0
C36: a. Name: | D36: Provide Response | E36: <Select One> | G36: =LEN(F36) -> 0
C37: b. Title: | D37: Provide Response | E37: <Select One> | G37: =LEN(F37) -> 0
C38: c. City/State: | D38: Provide Response | E38: <Select One> | G38: =LEN(F38) -> 0
C39: d. Phone: | D39: Provide Response | E39: <Select One> | G39: =LEN(F39) -> 0
C40: e. Email: | D40: Provide Response | E40: <Select One> | G40: =LEN(F40) -> 0
C41: f. Primary Role: | D41: Provide Response | E41: <Select One> | G41: =LEN(F41) -> 0
C42: g. How many accounts is the proposed team member responsible for? | D42: Provide Response | E42: <Select One> | G42: =LEN(F42) -> 0
C43: Please provide a full listing of proposed team members, inclusive of implementation, wellbeing, & member support | D43: Provide Response / Attachment | E43: <Select One> | G43: =LEN(F43) -> 0
B44: =B35+1 -> 12 | C44: How do you provide client support regarding changes in federal and state legislative events that require communication to their benefit plan participants? | D44: Provide Response | E44: <Select One> | G44: =LEN(F44) -> 0
B45: =B44+1 -> 13 | C45: Will you commit to have someone in attendance at a minimum of two times per year for Annual Open Enrollment and one other event as requested by the client? | D45: Provide Response | E45: <Select One> | G45: =LEN(F45) -> 0
B46: =B45+1 -> 14 | C46: Outline any additional enrollment support, engagement tools, limitation or restrictions and/or additional charges that apply. | D46: Provide Response | E46: <Select One> | G46: =LEN(F46) -> 0
B47: =B46+1 -> 15 | C47: Will you provide training to the client during implementation on your systems and reporting tools? | D47: Provide Response | E47: <Select One> | G47: =LEN(F47) -> 0
B48: =B47+1 -> 16 | C48: Will you agree to semi-annual meetings with the client to discuss plan performance, financial results, areas for improved savings, etc.? | D48: Provide Response | E48: <Select One> | G48: =LEN(F48) -> 0
B49: =B48+1 -> 17 | C49: Do you distribute client satisfaction surveys? If so, how often and what do you do with the results? Please provide a copy of the most recent member satisfaction survey and corporate results. | D49: Provide Response / Attachment | E49: <Select One> | G49: =LEN(F49) -> 0
B50: =B49+1 -> 18 | C50: Confirm which of the following capabilities you have to communicate with HR/Benefits staff via the Internet, specifically. Any additional costs associated with these services should be identified in your financial proposal. | G50: =LEN(F50) -> 0
C51: a. Enrollment/Eligibility update capabilities in real time | D51: Provide Response | E51: <Select One> | G51: =LEN(F51) -> 0
C52: b. View of detailed Member enrollment and eligibility records | D52: Provide Response | E52: <Select One> | G52: =LEN(F52) -> 0
C53: c. View of member claim status/EOBs | D53: Provide Response | E53: <Select One> | G53: =LEN(F53) -> 0
C54: d. Order ID Cards on behalf of members | D54: Provide Response | E54: <Select One> | G54: =LEN(F54) -> 0
C55: e. Email/chat with Customer Service/Claims Representatives | D55: Provide Response | E55: <Select One> | G55: =LEN(F55) -> 0
C56: f. Costs for services by provider and location (If applicable) | D56: Provide Response | E56: <Select One> | G56: =LEN(F56) -> 0
C57: g. General consumer health information | D57: Provide Response | E57: <Select One> | G57: =LEN(F57) -> 0
B58: =B50+1 -> 19 | C58: Confirm your ability to provide a custom microsite with the client-specific summaries, information about value added services, calculators, links to member portals, etc. | D58: Provide Response | E58: <Select One> | G58: =LEN(F58) -> 0
B59: ~ | C59: IMPLEMENTATION | G59: =LEN(F59) -> 0
B60: =B58+1 -> 20 | C60: Confirm you are able to implement the plan in 120 days and meet deadlines set forth in an agreed upon implementation schedule. | D60: Provide Response | E60: <Select One> | G60: =LEN(F60) -> 0
B61: =B60+1 -> 21 | C61: What is your timing for ID production for mailing prior to the effective plan year start date? | D61: Provide Response | E61: <Select One> | G61: =LEN(F61) -> 0
B62: =B61+1 -> 22 | C62: Confirm you are able to provide a custom microsite 45 days prior to effective date of contract | D62: Provide Response | E62: <Select One> | G62: =LEN(F62) -> 0
B63: =B62+1 -> 23 | C63: Confirm you are able to meet or exceed the client's subjective assessment of satisfaction with program implementation. | D63: Provide Response | E63: <Select One> | G63: =LEN(F63) -> 0
B64: 23 | C64: Confirm your ability to partner with the client's HRIS & Benefits Administration platforms | D64: Provide Response | E64: <Select One> | G64: =LEN(F64) -> 0
B65: ~ | C65: ELIGIBILITY/DATA | G65: =LEN(F65) -> 0
B66: =B64+1 -> 24 | C66: Provide a sample file layout and specifications | D66: Provide Attachment | E66: <Select One> | G66: =LEN(F66) -> 0
B67: =B66+1 -> 25 | C67: Identify the average number of business days required to update your eligibility system following receipt of “clean” data file from the client. How quickly is eligibility information available in the system once you receive it? | D67: Provide Response | E67: <Select One> | G67: =LEN(F67) -> 0
B68: =B67+1 -> 26 | C68: Confirm you agree to notify the client within 90-180 days of any required file spec changes, vendor pgp encryption code, file server changes, etc. (minor file spec changes within 90 days. Major file spec changes within 180 days). | D68: Provide Response | E68: <Select One> | G68: =LEN(F68) -> 0
B69: =B68+1 -> 27 | C69: Please describe your process for resolving eligibility discrepancies. | D69: Provide Response | E69: <Select One> | G69: =LEN(F69) -> 0
B70: =B69+1 -> 28 | C70: Can you provide real-time online eligibility access for the client to perform immediate emergency enrollment additions to the plan? If not, how will you handle urgent enrollments? | D70: Provide Response | E70: <Select One> | G70: =LEN(F70) -> 0
B71: =B70+1 -> 29 | C71: How long after a member is loaded into the real-time system are ID cards available? | D71: Provide Response | E71: <Select One> | G71: =LEN(F71) -> 0
B72: =B71+1 -> 30 | C72: Confirm that you have your own testing environment that allows the client to upload the eligibility file and see any errors before the file is moved into production | D72: Provide Response | E72: <Select One> | G72: =LEN(F72) -> 0
B73: =B72+1 -> 31 | C73: Are you willing to offer a performance guarantee structured around successful partnering/interface with the client's other program vendors (specific measure/guarantee to be determined during finalist interviews)? | D73: Provide Response | E73: <Select One> | G73: =LEN(F73) -> 0
B74: =B73+1 -> 32 | C74: Confirm that you will not charge fees for the provision of monthly raw claims and eligibility files to Bolton and/or its duly authorized subcontractors. | D74: Provide Response | E74: <Select One> | G74: =LEN(F74) -> 0
B75: =B74+1 -> 33 | C75: Confirm your willingness to partner with and/or exchange data with the client's other healthcare vendors, 3rd party Health Centers and 3rd party analytics platforms as necessary to maintain continuity among the plans offered by the client. | D75: Provide Response | E75: <Select One> | G75: =LEN(F75) -> 0
B76: =B75+1 -> 34 | C76: Confirm the client retains ownership of all health plan data including but not limited to information relating to claims and eligibility and enrollment information. | D76: Provide Response | E76: <Select One> | G76: =LEN(F76) -> 0
B77: =B76+1 -> 35 | C77: Confirm client retains final right as approver for all eligibility determinations. | D77: Provide Response | E77: <Select One> | G77: =LEN(F77) -> 0
B78: =B77+1 -> 36 | C78: Please share process and ability to support eligibility changes including over-age dependents & notification process for Medicare eligible. | D78: Provide Response | E78: <Select One> | G78: =LEN(F78) -> 0
B79: ~ | C79: CLAIMS ADJUDICATION | G79: =LEN(F79) -> 0
B80: =B76+1 -> 35 | C80: Confirm that your claims system is fully compliant with HITECH requirements to the HIPAA regulations. | D80: Provide Response | E80: <Select One> | G80: =LEN(F80) -> 0
B81: =B80+1 -> 36 | C81: Where will your organization process claims? | D81: Provide Response | E81: <Select One> | G81: =LEN(F81) -> 0
B82: =B81+1 -> 37 | C82: Describe how you identify duplicate claims. | D82: Provide Response | E82: <Select One> | G82: =LEN(F82) -> 0
B83: =B82+1 -> 38 | C83: What processes or programs do you have in place (other than network discounts) that identify and result in claims cost savings? (e.g. unbundling, passive/silent network, OON claims negotiations, special pricing etc.) | D83: Provide Response | E83: <Select One> | G83: =LEN(F83) -> 0
B84: =B83+1 -> 39 | C84: Describe procedures in place to detect fraud, waste, and abuse for claims paid by your organization. | D84: Provide Response | E84: <Select One> | G84: =LEN(F84) -> 0
B85: =B84+1 -> 40 | C85: Confirm members will not have to submit in-network claims for reimbursement. | D85: Provide Response | E85: <Select One> | G85: =LEN(F85) -> 0
B86: =B85+1 -> 41 | C86: Confirm all in-network providers submit claims electronically. | D86: Provide Response | E86: <Select One> | G86: =LEN(F86) -> 0
B87: =B86+1 -> 42 | C87: How often do you audit the accuracy of plan program pricing and overall adjudication accuracy? Describe how this will be shared with the client. Please provide the results of your most recent audit. | D87: Provide Response / Attachment | E87: <Select One> | G87: =LEN(F87) -> 0
B88: =B87+1 -> 43 | C88: Confirm coordination of benefits data is updated at least annually. | D88: Provide Response | E88: <Select One> | G88: =LEN(F88) -> 0
B89: =B88+1 -> 44 | C89: What is your average claims backlog (in days)? | D89: Provide Response | E89: <Select One> | G89: =LEN(F89) -> 0
B90: =B89+1 -> 45 | C90: How do you determine the allowances you will use for non-network claims? | D90: Provide Response | E90: <Select One> | G90: =LEN(F90) -> 0
B91: =B90+1 -> 46 | C91: Describe your claims review process and is there flexibility in terms of client input? | D91: Provide Response | E91: <Select One> | G91: =LEN(F91) -> 0
B92: =B91+1 -> 47 | C92: Please provide your most recent claims processing performance statistics for the claims office/staff that you are proposing for the client | D92: Provide Response | E92: <Select One> | G92: =LEN(F92) -> 0
C93: a. Claims processing turnaround time for clean claims (in working days) | D93: Provide Response | E93: <Select One> | G93: =LEN(F93) -> 0
C94: b. Financial Accuracy % | D94: Provide Response | E94: <Select One> | G94: =LEN(F94) -> 0
C95: c. Coding Accuracy % | D95: Provide Response | E95: <Select One> | G95: =LEN(F95) -> 0
C96: d. Overall Processing Accuracy % | D96: Provide Response | E96: <Select One> | G96: =LEN(F96) -> 0
C97: e. Auto Adjudication rate % | D97: Provide Response | E97: <Select One> | G97: =LEN(F97) -> 0
C98: f. Measurement period of above statistics (Should be most recent available) | D98: Provide Response | E98: <Select One> | G98: =LEN(F98) -> 0
B99: ~ | C99: CUSTOMER SERVICE | G99: =LEN(F99) -> 0
B100: =B92+1 -> 48 | C100: Confirm the customer service office supporting Albemarle County is located in the United States. | D100: Provide Response | E100: <Select One> | G100: =LEN(F100) -> 0
B101: =B100+1 -> 49 | C101: Will there be a different location for after-hours service? If so, where? | D101: Provide Response | E101: <Select One> | G101: =LEN(F101) -> 0
B102: =B101+1 -> 50 | C102: What are the hours available to speak with a “live” representative? | D102: Provide Response | E102: <Select One> | G102: =LEN(F102) -> 0
B103: =B102+1 -> 51 | C103: What resources are available in the event of an emergency for seeking care and approving care after hours? | D103: Provide Response | E103: <Select One> | G103: =LEN(F103) -> 0
...

Sheet TF 1.2 DEN Q
B1: =INPUT!$C$3 -> Albemarle
B2: =INPUT!$D$11 -> RFP#<######>
B3: =INPUT!$C$23 -> Dental
B4: =INPUT!F39 -> Technical Proposal Form 1.2 - Dental Questionnaire
B6: This Questionnaire is designed for you to answer specific questions regarding your organization and the services you are proposing. Please respond to these questions completely and accurately. Please choose from the drop down in the "Response" column when available and input your response in the "Additional Response" Section. Also provide attachments when applicable - see Attachments tab in this document for a full list of Attachments to submit with your proposal package.
E8: Bidder Name | F8: ='Instructions & Info'!$C$57 -> 0
B10: # | C10: QUESTION | D10: ACTION | E10: RESPONSE | F10: ADDITIONAL RESPONSE | G10: Character Length
B11: ~ | C11: PLAN DESIGN | G11: =LEN(F11) -> 0
B12: 1 | C12: Are there any deviations from the currently administered plan designs? | D12: Provide Response | E12: <Select One> | G12: =LEN(F12) -> 0
B13: =B12+1 -> 2 | C13: Discuss how you have incorporated the ability for members to access providers in your network through telephonic/virtual visits. | D13: Provide Response | E13: <Select One> | G13: =LEN(F13) -> 0
B14: =B13+1 -> 3 | C14: Describe how you would cover a crown core buildup or set up for a crown | D14: Provide Response | E14: <Select One> | G14: =LEN(F14) -> 0
B15: =B14+1 -> 4 | C15: Confirm you will cover fluoride treatments with no age restrictions | D15: Provide Response | E15: <Select One> | G15: =LEN(F15) -> 0
B16: =B15+1 -> 5 | C16: Describe how you cover resin-based composite restorations | D16: Provide Response | E16: <Select One> | G16: =LEN(F16) -> 0
B17: ~ | C17: NETWORK AND PROVIDERS | G17: =LEN(F17) -> 0
B18: 7 | C18: How often are your primary dentist providers re-credentialed? | D18: Provide Response | E18: <Select One> | G18: =LEN(F18) -> 0
B19: =B18+1 -> 8 | C19: How often are your specialist dental providers re-credentialed? | D19: Provide Response | E19: <Select One> | G19: =LEN(F19) -> 0
B20: =B19+1 -> 9 | C20: How often are providers evaluated for cost, utilization, clinical outcomes, member satisfaction, adherence to standards, appropriate use of services, billing accuracy, etc.? | D20: Provide Response | E20: <Select One> | G20: =LEN(F20) -> 0
B21: =B20+1 -> 10 | C21: Is an on-site pre-contractual audit routinely conducted? | D21: Provide Response | E21: <Select One> | G21: =LEN(F21) -> 0
B22: =B21+1 -> 11 | C22: What is the frequency of provider interviews? Are these in person, or virtual/telephonic? | D22: Provide Response | E22: <Select One> | G22: =LEN(F22) -> 0
B23: =B22+1 -> 12 | C23: How do you deal with providers who are not meeting your standards? | D23: Provide Response | E23: <Select One> | G23: =LEN(F23) -> 0
B24: =B23+1 -> 13 | C24: Are you willing to proactively recruit and add dental providers in areas where geo access results are not optimal for the members starting prior to the effective date of this coverage? Briefly describe your recruitment process. | D24: Provide Response | E24: <Select One> | G24: =LEN(F24) -> 0
B25: =B24+1 -> 14 | C25: What steps are being taken to reduce out-of-network utilization in your plans? | D25: Provide Response | E25: <Select One> | G25: =LEN(F25) -> 0
B26: =B25+1 -> 15 | C26: Verify that you have a “hold harmless” agreement that prohibits providers from billing more than the plan’s designated coinsurance or copayment. | D26: Provide Response | E26: <Select One> | G26: =LEN(F26) -> 0
B27: =B26+1 -> 16 | C27: Please identify situations in which employees can or will be balance billed for in-network services. | D27: Provide Response | E27: <Select One> | G27: =LEN(F27) -> 0
B28: =B27+1 -> 17 | C28: Describe your criteria and process for network provider selection. | D28: Provide Response | E28: <Select One> | G28: =LEN(F28) -> 0
B29: =B28+1 -> 18 | C29: Provide the percentage of providers rejected out of total applicants for the past 3 years. | D29: Provide Response | E29: <Select One> | G29: =LEN(F29) -> 0
B30: ~ | C30: WELLNESS | G30: =LEN(F30) -> 0
B31: 22 | C31: Describe any cost/utilization management and wellness programs you offer that you feel differentiate you from other dental plans. | D31: Provide Response | E31: <Select One> | G31: =LEN(F31) -> 0
B32: =B31+1 -> 23 | C32: Do you offer enhanced benefits to pregnant enrollees and any other medical conditions? | D32: Provide Response | E32: <Select One> | G32: =LEN(F32) -> 0
B33: =B32+1 -> 24 | C33: Describe how night guards are covered | D33: Provide Response | E33: <Select One> | G33: =LEN(F33) -> 0
B34: =B33+1 -> 25 | C34: Are you able to transfer data to third parties for the purpose of medical disease management services? | D34: Provide Response | E34: <Select One> | G34: =LEN(F34) -> 0
B35: =B34+1 -> 26 | C35: Opioid pain management - what is dental provider doing to manage and report opioid abuse? | D35: Provide Response | E35: <Select One> | G35: =LEN(F35) -> 0
B36: ~ | C36: INNOVATIVE SOLUTIONS | G36: =LEN(F36) -> 0
B37: 27 | C37: Do you provide mobile dentistry? | D37: Provide Response | E37: <Select One> | G37: =LEN(F37) -> 0
B38: =B37+1 -> 28 | C38: Describe the cost or access to the mobile dentistry service. How would this benefit the client? | D38: Provide Response | E38: <Select One> | G38: =LEN(F38) -> 0
B39: =B38+1 -> 29 | C39: Do you cover direct to consumer orthodontia solutions as in-network and provide the same orthodontia coverage as would be provided for traditional orthodontia? If so, which direct to consumer products do you offer (Smile Direct, Invisalign, etc.)? Describe if the coverage or benefit is different than traditional orthodontia coverage, or if there is a discount through the plan. | D39: Provide Response | E39: <Select One> | G39: =LEN(F39) -> 0
B40: =B39+1 -> 30 | C40: Do you provide Oral Care Discounts for Members: Whitening, Brushes, and Oral Care Supplies? | D40: Provide Response | E40: <Select One> | G40: =LEN(F40) -> 0
B41: =B40+1 -> 31 | C41: Do you provide targeted communications to engage members in better oral care and to educate on tools and resources to assist them? Please describe what a typical client campaign would include, and identify targeted audiences. | D41: Provide Response | E41: <Select One> | G41: =LEN(F41) -> 0
B42: =B41+1 -> 32 | C42: Are any programs that cover additional services, waived coinsurance, reduced copays or deductibles included in this proposal, including for pregnant members? | D42: Provide Response | E42: <Select One> | G42: =LEN(F42) -> 0
B43: =B42+1 -> 33 | C43: Briefly describe the unique programs, systems, or support that you will make available to the client. | D43: Provide Response | E43: <Select One> | G43: =LEN(F43) -> 0
B44: ~ | C44: REPORTING | G44: =LEN(F44) -> 0
B45: 34 | C45: Are all standard reports available on-line to the client's HR staff and to Bolton? | D45: Provide Response | E45: <Select One> | G45: =LEN(F45) -> 0
B46: =+B45+1 -> 35 | C46: Please indicate the frequency of standard reporting, when it will regularly be available and the format in which it is provided. | D46: Provide Response | E46: <Select One> | G46: =LEN(F46) -> 0
B47: =B46+1 -> 36 | C47: Please confirm the following for your standard reporting package: | G47: =LEN(F47) -> 0
C48: a. Separate reports by the group and sub-groups set up (actives, retirees, COBRA, etc.) | D48: Provide Response | E48: <Select One> | G48: =LEN(F48) -> 0
C49: b. Set custom ranges for current year or historical years (e.g., month, year, 6 mos. period) | D49: Provide Response | E49: <Select One> | G49: =LEN(F49) -> 0
C50: c. Separate reports at the benefit plan option level (e.g., by plan and In-Network/Out-of-Network) | D50: Provide Response | E50: <Select One> | G50: =LEN(F50) -> 0
C51: d. Offeror is required to send a breakdown of all claims by account, branch, and benefit option in a downloadable excel format on a monthly basis. Confirm you can meet this requirement. | D51: Provide Response | E51: <Select One> | G51: =LEN(F51) -> 0
C52: e. All claims and invoices must be in a downloadable excel format. | D52: Provide Response | E52: <Select One> | G52: =LEN(F52) -> 0
B53: =1+B47 -> 37 | C53: Do you provide self-service access for any ad hoc reporting available to the client and Bolton. | D53: Provide Response | E53: <Select One> | G53: =LEN(F53) -> 0
B54: =B53+1 -> 38 | C54: Do analytical reports include benchmarking against groups similar in size, plan design, utilization and risk? | D54: Provide Response | E54: <Select One> | G54: =LEN(F54) -> 0
B55: =B54+1 -> 39 | C55: What analytical tools, reports and resources will be provided to the client to enable future strategic decision making about benefits, plan designs, contribution strategy, products, wellness and health management initiatives? | D55: Provide Response | E55: <Select One> | G55: =LEN(F55) -> 0

Sheet TF 2.0 DEN GEO
B1: =INPUT!$C$3 -> Albemarle
B2: =INPUT!$D$11 -> RFP#<######>
B3: =INPUT!$C$23 -> Dental
B4: =INPUT!F40 -> Technical Proposal Form 2.0 - Dental Geo Access PPO
B6: DENTAL GEO ACCESS
B7: BASED ON ALL IN-NETWORK PROVIDERS
B8: This sheet is designed for you to provide data regarding the geographic access you are proposing. Please complete this form and provide a complete GEO ACCESS Report for the defined standards in the RFP. Complete a separate tab for each network you are quoting.
B10: Please provide the unique provider counts within the designated geo-access area for your proposed network. Each provider may only be counted ONE time, regardless of the number of office locations.
C12: Bidder Name | D12: ='Instructions & Info'!$C$57 -> 0
B15: <Enter Proposed Network> | C15: Number of Subscribers | D15: =INPUT!B180 -> 3370 | E15: =INPUT!$C$3 -> Albemarle
B16: Provider Type | C16: # of Providers and Distance from Residence | D16: Subscribers Matched | E16: % Match | F16: Subscribers Not Matched | G16: # of Unique Providers | H16: # of Unique Locations
B17: General Dentists | C17: 2 in 10 miles | E17: =D17/D$15 -> 0 | F17: =D$15-D17 -> 3370
B18: Orthodontists | C18: 2 in 10 miles | E18: =D18/D$15 -> 0 | F18: =D$15-D18 -> 3370
B19: Prosthodontists | C19: 2 in 10 miles | E19: =D19/D$15 -> 0 | F19: =D$15-D19 -> 3370
B20: Periodontists | C20: 2 in 10 miles | E20: =D20/D$15 -> 0 | F20: =D$15-D20 -> 3370
B21: Endodontists | C21: 2 in 10 miles | E21: =D21/D$15 -> 0 | F21: =D$15-D21 -> 3370
B22: Oral Surgeon | C22: 2 in 10 miles | E22: =D22/D$15 -> 0 | F22: =D$15-D22 -> 3370
B23: Pedodontists | C23: 2 in 10 miles | E23: =D23/D$15 -> 0 | F23: =D$15-D23 -> 3370
B24: Provider Turnover Rate - Dentists (For Prior CY)
B25: % of Licensed Providers Contracted with Your Network

Sheet TF 2.1 DEN by County
B1: =INPUT!$C$3 -> Albemarle
B2: =INPUT!$D$11 -> RFP#<######>
B3: =INPUT!$C$23 -> Dental
B4: =INPUT!F41 -> Technical Proposal Form 2.1 - Dental Providers by County
B6: DENTAL PLAN NETWORK PROVIDERS BY COUNTY
B7: Please list the total number of providers in each County under each specialty. Each provider may only be counted ONE time per County, regardless of the number of offices maintained in that County. Providers can be counted more than once, if they have multiple county locations.
C10: Bidder Name | D10: ='Instructions & Info'!$C$57 -> 0
B13: Provider Type | C13: General Dentists | D13: Orthodontists | E13: Prosthodontists | F13: Periodontists | G13: Endodontists | H13: Oral Surgeon | I13: Pedodontists
B14: <Enter Primary Proposed Network>
B15: =INPUT!C104 -> Albemarle, VA
B16: =INPUT!D104 -> Fluvana, VA
B17: =INPUT!E104 -> Greene, VA
B18: =INPUT!F104 -> Orange, VA
B19: =INPUT!G104 -> Waynesboro, VA
B20: =INPUT!H104 -> Nelson, VA
B21: =INPUT!I104 -> Augusta, VA
B22: Provider Turnover Rate - Dentists (For Prior CY)
B23: % of Licensed Providers Contracted with Your Network
B26: Provider Type | C26: General Dentists | D26: Orthodontists | E26: Prosthodontists | F26: Periodontists | G26: Endodontists | H26: Oral Surgeon | I26: Pedodontists
B27: <Enter Secondary Proposed Network>
B28: =B15 -> Albemarle, VA
B29: =B16 -> Fluvana, VA
B30: =B17 -> Greene, VA
B31: =B18 -> Orange, VA
B32: =B19 -> Waynesboro, VA
B33: =B20 -> Nelson, VA
B34: =B21 -> Augusta, VA
B35: Provider Turnover Rate - Dentists (For Prior CY)
B36: % of Licensed Providers Contracted with Your Network

Sheet TF 3.0 DEN Top Providers
B1: =INPUT!$C$3 -> Albemarle
B2: =INPUT!$D$11 -> RFP#<######>
B3: =INPUT!$C$23 -> Dental
B4: =INPUT!F42 -> Technical Proposal Form 3.0 - Top Dental Providers
B6: Top Providers Utilized
B7: Indicate whether or not the provider is in your network by placing a "Y" for YES or "N" for NO in the Network column.
B8: Only respond for providers in the network included in this proposal. | J8: Bidder Name | K8: ='Instructions & Info'!$C$57 -> 0
J10: Network Name: | K10: <Enter Primary Proposed Network> | N10: <Enter Secondary Proposed Network>
B11: Provider Tax ID | C11: National Provider Identifier (NPI) | D11: Provider Name | E11: Provider Specialty | F11: Address 1 | G11: City | H11: State | I11: Zip | J11: Filler | K11: In-Network? (Yes/No) | L11: Taking New Patients? | M11: Filler2 | N11: In-Network? (Yes/No)2 | O11: Taking New Patients?2
B12: 721567218 | C12: 1063632008 | D12: Brad Spano | E12: Dentist | F12: 1200 Five Springs Rd Ste 101 | G12: Charlottesville | H12: VA | I12: 22902
B13: 872287291 | C13: 1154540110 | D13: Nellie Crowder | E13: Dentist | F13: 325 Four Leaf Ln Ste 10 | G13: Charlottesville | H13: VA | I13: 22903
B14: 273856218 | C14: 1205159282 | D14: Charles B Swisher | E14: Dentist | F14: 80 Whitewood Rd | G14: Charlottesville | H14: VA | I14: 22901
B15: 852694088 | C15: 1487818399 | D15: Robert Lunka | E15: Dentist : Pediatric Dentistry | F15: 895 Rio East Ct Ste B | G15: Charlottesville | H15: VA | I15: 22901
B16: 201990392 | C16: 1154606242 | D16: Mohammed A. Almzayyen | E16: Dentist | F16: 335 Greenbrier Dr Ste 204 | G16: Charlottesville | H16: VA | I16: 22901
B17: 455315249 | C17: 1992144018 | D17: Marissa Deangelis | E17: Dentist | F17: 5690 Three Notched Rd Ste 100 | G17: Crozet | H17: VA | I17: 22932
B18: 455315249 | C18: 1083283931 | D18: Amina Parvez | E18: Dentist | F18: 5690 Three Notch D Rd Ste 100 | G18: Crozet | H18: VA | I18: 22932
B19: 273856218 | C19: 1265847875 | D19: Kathryn Brandt | E19: Dentist | F19: 80 Whitewood Rd | G19: Charlottesville | H19: VA | I19: 22901
B20: 800899458 | C20: 1770788069 | D20: Kevin M. Clifford | E20: Dentist : Pediatric Dentistry | F20: 300 Claremont Ln Ste 101 | G20: Crozet | H20: VA | I20: 22932
B21: 463884621 | C21: 1700086170 | D21: Bradley Gene Delph | E21: Dentist | F21: 676 Berkmar Cir | G21: Charlottesville | H21: VA | I21: 22901
B22: 882922150 | C22: 1689893166 | D22: Cynthia Brooks | E22: Dentist | F22: 1461 Greenbrier Pl | G22: Charlottesville | H22: VA | I22: 22901
B23: 461588371 | C23: 1770077836 | D23: Justin Patrick Feehan | E23: Dentist | F23: 2320 Commonwealth Dr | G23: Charlottesville | H23: VA | I23: 22901
... B911: 823284145 | C911: 1841683364 | D911: Joseph Vaughn | E911: Dentist | F911: 3107 Hungary Spring Rd | G911: Richmond | H911: VA | I911: 23228

Sheet TF 4.0 DEN Plan Design
B1: =INPUT!$C$3 -> Albemarle
B2: =INPUT!$D$11 -> RFP#<######>
B3: =INPUT!$C$23 -> Dental
B4: =INPUT!F43 -> Technical Proposal Form 4.0 - Proposed Dental Plan Design
B6: List all plan design deviations as well as any additional deviations not shown on this summary
B8: If you are matching the current benefit, choose "Matched" from the dropdown under the "Response" column, otherwise input the benefit deviation with an explanation under the "Explanation" column.
B10: Plan Designs - Current and Proposed Deviations to administer
E12: Bidder Name | F12: ='Instructions & Info'!$C$57 -> 0
B14: Plan Name | D14: =INPUT!D168 -> Low | F14: Proposed Plan Deviations | K14: =INPUT!F168 -> High | M14: Proposed Plan Deviations | R14: =INPUT!H168 -> Dental C | T14: Proposed Plan Deviations | Y14: =INPUT!J168 -> Dental D | AA14: Proposed Plan Deviations
B15: Funding | D15: =INPUT!D169 -> Self-Insured | F15: =D15 -> Self-Insured | K15: =INPUT!F169 -> Self-Insured | M15: =K15 -> Self-Insured | R15: =INPUT!H169 -> Self-Insured | T15: =R15 -> Self-Insured | Y15: =INPUT!J169 -> Self-Insured | AA15: =Y15 -> Self-Insured
B16: Provider Network | F16: <Enter Proposed Network> | M16: <Enter Proposed Network> | T16: <Enter Proposed Network> | AA16: <Enter Proposed Network>
B17: In-Network (IN) / Out-of-Network (OUT) | D17: IN | E17: OUT | F17: IN-NETWORK | H17: OUT-OF-NETWORK | K17: IN | L17: OUT | M17: IN-NETWORK | O17: OUT-OF-NETWORK | R17: IN | S17: OUT | T17: IN-NETWORK | V17: OUT-OF-NETWORK | Y17: IN | Z17: OUT | AA17: IN-NETWORK | AC17: OUT-OF-NETWORK
B18: Annual Deductible
B19: Single | D19: 25 | E19: 25 | K19: 50 | L19: 50
B20: Family | D20: 75 | E20: 75 | K20: 150 | L20: 150
B21: Annual Maximum
B22: Single | D22: 1500 | E22: 1500 | K22: 2000
B23: Level 1 | D23: N/A | E23: N/A | K23: N/A | L23: N/A
B24: Level 2 | D24: N/A | E24: N/A | K24: N/A | L24: N/A
B25: Level 3 | D25: N/A | E25: N/A | K25: N/A | L25: N/A
B26: Level 4 | D26: N/A | E26: N/A | K26: N/A | L26: N/A
B27: Diagnostic / Preventive | D27: IN | E27: OUT | F27: RESPONSE | G27: DEVIATION EXPLANATION | H27: RESPONSE | I27: DEVIATION EXPLANATION | K27: IN | L27: OUT | M27: RESPONSE | N27: DEVIATION EXPLANATION | O27: RESPONSE | P27: DEVIATION EXPLANATION | R27: IN | S27: OUT | T27: RESPONSE | U27: DEVIATION EXPLANATION | V27: RESPONSE | W27: DEVIATION EXPLANATION | Y27: IN | Z27: OUT | AA27: RESPONSE | AB27: DEVIATION EXPLANATION | AC27: RESPONSE | AD27: DEVIATION EXPLANATION
B28: Class 1 - Diagnostic / Preventive
B29: Oral Evaluations | D29: 1 | E29: 1 | K29: 1 | L29: 1
B30: X-Rays | D30: 1 | E30: 1 | K30: 1 | L30: 1
B31: Cleanings | D31: 1 | E31: 1 | K31: 1 | L31: 1
B32: Fluoride | D32: 1 | E32: 1 | K32: 1 | L32: 1
B33: Sealants | D33: 1 | E33: 1 | K33: 1 | L33: 1
B34: Basic Services | D34: IN | E34: OUT | F34: RESPONSE | G34: DEVIATION EXPLANATION | H34: RESPONSE | I34: DEVIATION EXPLANATION | K34: IN | L34: OUT | M34: RESPONSE | N34: DEVIATION EXPLANATION | O34: RESPONSE | P34: DEVIATION EXPLANATION | R34: IN | S34: OUT | T34: RESPONSE | U34: DEVIATION EXPLANATION | V34: RESPONSE | W34: DEVIATION EXPLANATION | Y34: IN | Z34: OUT | AA34: RESPONSE | AB34: DEVIATION EXPLANATION | AC34: RESPONSE | AD34: DEVIATION EXPLANATION
B35: Class 2 - Basic Services
B36: Fillings | D36: 0.8 | E36: 0.8 | K36: 0.8 | L36: 0.8
B37: Simple Extractions | D37: 0.8 | E37: 0.8 | K37: 0.8 | L37: 0.8
B38: Oral Surgery | D38: 0.8 | E38: 0.8 | K38: 0.8 | L38: 0.8
B39: Nonsurgical Endodontics | D39: 0.8 | E39: 1 | K39: 0.8 | L39: 1
B40: Surgical Endodontics | D40: 0.8 | E40: 1 | K40: 0.8 | L40: 1
B41: Nonsurgical Periodontics | D41: 0.8 | E41: 0.8 | K41: 0.8 | L41: 0.8
B42: Surgical Periodontics | D42: 0.8 | E42: 0.8 | K42: 0.8 | L42: 0.8
B43: Waiting Period | D43: None | K43: None
B44: Major Services | D44: IN | E44: OUT | F44: RESPONSE | G44: DEVIATION EXPLANATION | H44: RESPONSE | I44: DEVIATION EXPLANATION | K44: IN | L44: OUT | M44: RESPONSE | N44: DEVIATION EXPLANATION | O44: RESPONSE | P44: DEVIATION EXPLANATION | R44: IN | S44: OUT | T44: RESPONSE | U44: DEVIATION EXPLANATION | V44: RESPONSE | W44: DEVIATION EXPLANATION | Y44: IN | Z44: OUT | AA44: RESPONSE | AB44: DEVIATION EXPLANATION | AC44: RESPONSE | AD44: DEVIATION EXPLANATION
B45: Class 3 - Major Services (Restorative)
B46: Crowns | D46: Not Covered | E46: Not Covered | K46: 0.6 | L46: 0.6
B47: Inlays / Onlays | D47: Not Covered | E47: Not Covered | K47: 0.6 | L47: 0.6
B48: Bridges / Dentures | D48: Not Covered | E48: Not Covered | K48: 0.6 | L48: 0.6
B49: Implants | D49: Not Covered | E49: Not Covered | K49: 0.6 | L49: 0.6
B50: TMJ | D50: Not Covered | E50: Not Covered | K50: 0.6 | L50: 0.6
B51: Waiting Period | D51: N/A | K51: None
B52: Orthodontics | D52: IN | E52: OUT | F52: RESPONSE | G52: DEVIATION EXPLANATION | H52: RESPONSE | I52: DEVIATION EXPLANATION | K52: IN | L52: OUT | M52: RESPONSE | N52: DEVIATION EXPLANATION | O52: RESPONSE | P52: DEVIATION EXPLANATION | R52: IN | S52: OUT | T52: RESPONSE | U52: DEVIATION EXPLANATION | V52: RESPONSE | W52: DEVIATION EXPLANATION | Y52: IN | Z52: OUT | AA52: RESPONSE | AB52: DEVIATION EXPLANATION | AC52: RESPONSE | AD52: DEVIATION EXPLANATION
B53: Class 4 - Orthodontic Services
B54: Reimbursement Level | D54: Not Covered | E54: Not Covered | K54: 0.5 | L54: 0.5
B55: Lifetime Maximum | D55: Not Covered | E55: Not Covered | K55: 2000 | L55: 2000
B56: Adult / Children Coverage | D56: None | K56: Adult and Children | R56: None | Y56: None
B57: Waiting Period | D57: N/A | K57: None
B58: Reimbursement Methodology | D58: OUT | H58: RESPONSE | I58: DEVIATION EXPLANATION | K58: OUT | O58: RESPONSE | P58: DEVIATION EXPLANATION | R58: OUT | V58: RESPONSE | W58: DEVIATION EXPLANATION | Y58: OUT | AC58: RESPONSE | AD58: DEVIATION EXPLANATION
B59: For Out-of-Network services | D59: 80th | K59: 80th
B60: FOOTNOTE(S):
B68: Partial List of Services | F68: RESPONSE | G68: DEVIATION EXPLANATION
B69: Class I Services- Diagnostic and Preventive
B70: Oral Examination | D70: Two per person per calendar year
B71: Routine Cleaning | D71: Two per person per calendar year
B72: Topical Fluoride | D72: One per person per calendar year
B73: Bitewing X-ray | D73: Two per person per calendar year
B74: Full Mouth X-ray | D74: Once per person per 36 months
B75: Sealants on a posterior tooth for a person less than 14 | D75: One per tooth per 3 calendar years
B76: Palliative treatment (as required) | D76: 1
B77: Emergency Oral Exam (as required) | D77: 1
B78: Space Maintainers, fixed unilateral | D78: Limited to non-orthodontic treatment
B79: Periodontal Maintenance | D79: Two per person per calendar year
B80: Class II- Basic Restorations, Periodontics, Endodontics, Oral Surgery, Prosthodontic Maintenance
B81: Basic Restorations | D81: Once per surface per 12 months
B82: Periodontal Scaling and Root Planning- full mouth | D82: Unlimited
B83: Root Canal therapy, retreatment
B84: Oral Surgery
B85: Full Mouth Debridement | D85: Once per lifetime
B86: Oral Inflammation treatment | D86: Two per person per calendar year
B87: Rebasing and Relining Dentures | D87: Once per 36 months
B88: Class III- Major Restorations, Dentures and Bridgework
B89: Crowns | D89: Once per 5 calendar years
B90: Inlays, Onlays | D90: Covered if tooth cannot be restored by an amalgam or resign-based composite restoration
B91: Stainless steel crowns
B92: Dentures, full partial and/or Overdentures | D92: Once per 5 calendar years
B93: Repair of partial dentures/bridges, inlays, onlays | D93: Once per 5 calendar years
B94: Class IX- Implants
B95: Implants | D95: Implant removal is covered only if the implant is not serviceable and cannot be repaired. Implant coverage may have a separate deductible amount, yearly maximum and/or lifetime maximum as shown in the Benefit section above.

Sheet TF 5.0 Deviations
B1: =INPUT!$C$3 -> Albemarle
B2: =INPUT!$D$11 -> RFP#<######>
B3: =INPUT!$C$23 -> Dental
B4: =INPUT!F44 -> Technical Proposal Form 5.0 - Deviations
B7: All deviations to the current plans arrangements, programs, specifications, etc. must be noted on this proposal form.
D9: Bidder Name | E9: ='Instructions & Info'!$C$57 -> 0
B11: Form / Section | C11: Item # | D11: Description | E11: Deviations

Sheet TF 6.0 Key Diff
B1: =INPUT!$C$3 -> Albemarle
B2: =INPUT!$D$11 -> RFP#<######>
B3: =INPUT!$C$23 -> Dental
B4: =INPUT!F45 -> Technical Proposal Form 6.0 - Key Differentiators
B6: Please note any capabilities or offerings specific to your organization that are beneficial to your book of business.
B9: Bidder Name | C9: ='Instructions & Info'!$C$57 -> 0
B11: CATEGORY | C11: KEY DIFFERENTIATORS

Sheet TF 7.0 REF
B1: =INPUT!$C$3 -> Albemarle
B2: =INPUT!$D$11 -> RFP#<######>
B3: =INPUT!$C$23 -> Dental
B4: =INPUT!F46 -> Technical Proposal Form 7.0 - References
C6: Bidder Name | D6: ='Instructions & Info'!$C$57 -> 0
B8: References
B9: Provide three (3) current and one (1) former clients of similar size for whom you provide administration for the benefit plans you are quoting. Provide requested references of similar sized contracts serviced during the past eighteen (18) months.
B10: Current Client References
B11: 1 | C11: Client Name
B12: a | C12: City / State
B13: b | C13: Contact Name(s)
B14: c | C14: Title
B15: d | C15: Number of Years Since Implementation
B16: e | C16: Number of Covered Lives
B17: f | C17: Contact Email Address
B18: g | C18: Contact Phone Number
B19: h | C19: List Services Provided (applicable to RFP)
B21: =1+B11 -> 2 | C21: Client Name
B22: a | C22: City / State
B23: b | C23: Contact Name(s)
B24: c | C24: Title
B25: d | C25: Number of Years Since Implementation
B26: e | C26: Number of Covered Lives
B27: f | C27: Contact Email Address
B28: g | C28: Contact Phone Number
B29: h | C29: List Services Provided (applicable to RFP)
B31: =1+B21 -> 3 | C31: Client Name
B32: a | C32: City / State
B33: b | C33: Contact Name(s)
B34: c | C34: Title
B35: d | C35: Number of Years Since Implementation
B36: e | C36: Number of Covered Lives
B37: f | C37: Contact Email Address
B38: g | C38: Contact Phone Number
B39: h | C39: List Services Provided (applicable to RFP)
B41: Former Client References
B42: 1 | C42: Client Name
B43: a | C43: City / State
B44: b | C44: Contact Name(s)
B45: c | C45: Title
B46: d | C46: Number of Years Since Termination
B47: e | C47: Number of Covered Lives
B48: f | C48: Contact Email Address
B49: g | C49: Contact Phone Number
B50: h | C50: List Services Provided (applicable to RFP)
B51: i | C51: Reason for Termination
